[ AOE2 MATCH · #495684041 ]
UnrankedHuns vs Bengalis
Player's team · WIN
Rival team · LOSS
[ REPLAY ANALYSIS · EXTRACTED FROM THE RECORDED GAME ]
Feudal
10:56
Castle
14:26
Imperial
28:25
| APM avg | 57.0 |
| APM peak | 129 |
| eAPM avg | 33.3 |
| Villagers / military | 186 / 670 |
Focus
⚔️ 61.8% · 🌾 38.2%
Scout Cavalry ×421 · Cavalry Archer ×151 · Skirmisher ×80 · Trebuchet (Packed) ×12 · Monk ×4 · Tarkan ×2
Feudal
10:21
Castle
14:12
Imperial
26:58
| APM avg | 43.8 |
| APM peak | 110 |
| eAPM avg | 26.0 |
| Villagers / military | 205 / 563 |
Focus
⚔️ 38.5% · 🌾 61.5%
Spearman ×205 · Skirmisher ×167 · Elephant Archer ×111 · Scout Cavalry ×39 · Monk ×18 · Armored Elephant ×18
Match map
Initial resources + every placement click. Lines = walls · curves = elevation contours. ◆ gold · ⬟ stone · ● berries · ✦ relic · ◌ wall gap
Your base· ✓ Closed at 14:26 · 0t walls · 2 gate(s)
Leto Apor's base· ✓ Closed at 14:12 · 0t walls · 2 gate(s)
Smoothed initial terrain · ◌ = detected wall gap · hover for details
Inputs per minute
— Kotzboy - - Leto Apor
Build order — Kotzboy
First 150 of 785 actions detected
| 0:00 | Create | Villager (Male) |
| 0:01 | Create | Villager (Male) |
| 0:10 | Create | Villager (Male) |
| 0:10 | Create | Villager (Male) |
| 1:22 | Create | Villager (Male) |
| 1:46 | Build | Lumber Camp |
| 1:50 | Create | Villager (Male) |
| 2:06 | Create | Villager (Male) |
| 2:31 | Create | Villager (Male) |
| 3:00 | Create | Villager (Male) |
| 3:22 | Create | Villager (Male) |
| 3:37 | Create | Villager (Male) |
| 4:03 | Create | Villager (Male) |
| 4:21 | Build | Mill |
| 4:56 | Create | Villager (Male) |
| 5:07 | Create | Villager (Male) |
| 5:25 | Create | Villager (Male) |
| 5:40 | Create | Villager (Male) |
| 5:54 | Build | Mill |
| 6:16 | Create | Villager (Male) |
| 6:16 | Create | Villager (Male) |
| 6:38 | Create | Villager (Male) |
| 7:22 | Create | Villager (Male) |
| 7:23 | Create | Villager (Male) |
| 7:48 | Build | Farm |
| 8:18 | Research | Feudal Age |
| 8:19 | Create | Villager (Male) |
| 8:19 | Create | Villager (Male) |
| 8:24 | Build | Mining Camp |
| 9:24 | Build | Barracks |
| 10:56 | Age | Feudal Age |
| 10:57 | Build | Stable |
| 10:58 | Build | Blacksmith |
| 11:30 | Build | Farm |
| 11:33 | Build | Farm |
| 11:40 | Research | Castle Age |
| 11:50 | Build | Farm |
| 12:18 | Build | Farm |
| 12:20 | Research | Double-Bit Axe |
| 12:29 | Create | Scout Cavalry |
| 12:48 | Research | Horse Collar |
| 13:07 | Build | Farm |
| 13:17 | Create | Scout Cavalry |
| 13:20 | Build | Farm |
| 13:31 | Build | Farm |
| 13:36 | Build | Farm |
| 13:37 | Create | Scout Cavalry |
| 14:01 | Build | Farm |
| 14:18 | Create | Villager (Male) |
| 14:26 | Age | Castle Age |
| 14:42 | Build | Monastery |
| 14:52 | Create | Villager (Male) |
| 15:22 | Create | Villager (Male) |
| 15:27 | Create | Monk |
| 15:27 | Create | Monk |
| 15:43 | Create | Scout Cavalry |
| 15:45 | Create | Villager (Male) |
| 15:48 | Build | Farm |
| 15:49 | Build | Farm |
| 16:01 | Create | Scout Cavalry |
| 16:08 | Research | Light Cavalry (upgrade) |
| 16:09 | Create | Villager (Male) |
| 16:12 | Build | Farm |
| 16:13 | Build | Farm |
| 16:15 | Build | Farm |
| 16:18 | Research | Forging |
| 16:36 | Build | Farm |
| 16:38 | Build | Farm |
| 16:38 | Create | Villager (Male) |
| 16:49 | Create | Scout Cavalry |
| 17:00 | Create | Villager (Male) |
| 17:02 | Create | Scout Cavalry |
| 17:08 | Create | Villager (Male) |
| 17:21 | Create | Scout Cavalry |
| 17:25 | Build | Farm |
| 17:25 | Build | Farm |
| 17:28 | Build | Farm |
| 17:32 | Create | Villager (Male) |
| 17:44 | Create | Villager (Male) |
| 17:52 | Create | Scout Cavalry |
| 18:23 | Create | Villager (Male) |
| 18:34 | Create | Villager (Male) |
| 18:37 | Research | Bow Saw |
| 18:39 | Research | Heavy Plow |
| 18:39 | Research | Heavy Plow |
| 18:58 | Create | Villager (Male) |
| 19:21 | Create | Villager (Male) |
| 19:44 | Create | Villager (Male) |
| 19:55 | Build | Town Center |
| 19:56 | Create | Villager (Male) |
| 20:10 | Create | Villager (Male) |
| 20:14 | Create | Monk |
| 20:32 | Create | Villager (Male) |
| 21:06 | Create | Villager (Male) |
| 21:07 | Create | Villager (Male) |
| 21:18 | Build | Town Center |
| 21:18 | Create | Villager (Male) |
| 21:30 | Create | Villager (Male) |
| 21:30 | Create | Villager (Male) |
| 21:36 | Research | Wheelbarrow |
| 21:52 | Create | Villager (Male) |
| 21:52 | Create | Villager (Male) |
| 21:54 | Build | Farm |
| 21:58 | Create | Villager (Male) |
| 21:58 | Create | Villager (Male) |
| 22:01 | Build | Farm |
| 22:21 | Create | Monk |
| 22:23 | Create | Villager (Male) |
| 22:23 | Create | Villager (Male) |
| 22:26 | Build | Farm |
| 22:29 | Build | Farm |
| 22:31 | Create | Villager (Male) |
| 22:33 | Build | Farm |
| 22:52 | Build | Mining Camp |
| 22:57 | Create | Villager (Male) |
| 23:07 | Build | Farm |
| 23:10 | Build | Farm |
| 23:11 | Build | Farm |
| 23:11 | Build | Farm |
| 23:12 | Create | Villager (Male) |
| 23:14 | Create | Villager (Male) |
| 23:23 | Create | Villager (Male) |
| 23:23 | Create | Villager (Male) |
| 23:53 | Create | Villager (Male) |
| 23:53 | Create | Villager (Male) |
| 23:59 | Build | University |
| 24:22 | Create | Villager (Male) |
| 24:27 | Create | Villager (Male) |
| 24:27 | Create | Villager (Male) |
| 24:46 | Create | Villager (Male) |
| 24:46 | Create | Villager (Male) |
| 24:46 | Create | Villager (Male) |
| 24:50 | Research | Hand Cart |
| 24:53 | Create | Villager (Male) |
| 24:57 | Create | Villager (Male) |
| 25:02 | Research | Imperial Age |
| 25:02 | Research | Imperial Age |
| 25:02 | Research | Loom |
| 25:11 | Research | Fletching |
| 25:12 | Create | Villager (Male) |
| 25:17 | Build | Farm |
| 25:17 | Build | Farm |
| 25:17 | Build | Farm |
| 25:17 | Build | Farm |
| 25:17 | Build | Farm |
| 25:18 | Build | Farm |
| 25:18 | Build | Farm |
| 25:22 | Create | Villager (Male) |
| 25:26 | Create | Villager (Male) |
| 25:50 | Build | Archery Range |
Build order — Leto Apor
First 150 of 753 actions detected
| 0:00 | Create | Villager (Male) |
| 0:01 | Create | Villager (Male) |
| 0:02 | Build | House |
| 0:02 | Build | House |
| 0:18 | Create | Villager (Male) |
| 0:18 | Create | Villager (Male) |
| 1:19 | Build | Lumber Camp |
| 1:27 | Create | Villager (Male) |
| 1:48 | Create | Villager (Male) |
| 1:49 | Create | Villager (Male) |
| 2:17 | Build | House |
| 2:38 | Create | Villager (Male) |
| 2:39 | Create | Villager (Male) |
| 2:39 | Create | Villager (Male) |
| 3:22 | Create | Villager (Male) |
| 3:22 | Create | Villager (Male) |
| 4:13 | Create | Villager (Male) |
| 4:38 | Create | Villager (Male) |
| 4:41 | Build | Mill |
| 5:07 | Create | Villager (Male) |
| 5:16 | Build | House |
| 5:27 | Create | Villager (Male) |
| 5:54 | Create | Villager (Male) |
| 6:02 | Build | Mining Camp |
| 6:23 | Create | Villager (Male) |
| 6:41 | Create | Villager (Male) |
| 7:00 | Build | Mill |
| 7:04 | Create | Villager (Male) |
| 7:36 | Create | Villager (Male) |
| 8:11 | Research | Feudal Age |
| 9:40 | Build | House |
| 10:21 | Age | Feudal Age |
| 10:23 | Create | Villager (Male) |
| 10:27 | Build | Market |
| 10:31 | Build | Blacksmith |
| 10:50 | Create | Villager (Male) |
| 11:33 | Research | Castle Age |
| 11:33 | Research | Castle Age |
| 12:51 | Research | Horse Collar |
| 12:52 | Research | Horse Collar |
| 13:00 | Build | Farm |
| 13:03 | Build | Farm |
| 13:06 | Build | Farm |
| 13:13 | Build | House |
| 13:37 | Build | Barracks |
| 13:41 | Create | Villager (Male) |
| 13:48 | Create | Villager (Male) |
| 13:58 | Build | House |
| 14:12 | Age | Castle Age |
| 14:16 | Build | Monastery |
| 14:20 | Build | Monastery |
| 14:27 | Create | Spearman |
| 14:35 | Research | Double-Bit Axe |
| 14:35 | Research | Double-Bit Axe |
| 14:40 | Build | Farm |
| 14:46 | Build | Farm |
| 14:47 | Build | Farm |
| 14:56 | Create | Monk |
| 15:00 | Create | Spearman |
| 15:03 | Create | Monk |
| 15:05 | Create | Villager (Male) |
| 15:12 | Build | Farm |
| 15:20 | Build | House |
| 15:31 | Create | Villager (Male) |
| 15:49 | Create | Monk |
| 15:52 | Create | Villager (Male) |
| 15:53 | Create | Villager (Male) |
| 16:22 | Build | House |
| 16:23 | Create | Villager (Male) |
| 16:56 | Create | Villager (Male) |
| 16:56 | Create | Villager (Male) |
| 17:01 | Build | Town Center |
| 17:04 | Build | House |
| 17:05 | Build | House |
| 17:09 | Research | Sanctity |
| 17:09 | Research | Sanctity |
| 17:23 | Build | Farm |
| 17:24 | Build | Farm |
| 17:25 | Create | Villager (Male) |
| 17:41 | Create | Villager (Male) |
| 17:41 | Create | Villager (Male) |
| 18:04 | Create | Monk |
| 18:28 | Create | Villager (Male) |
| 18:29 | Create | Villager (Male) |
| 18:32 | Build | Farm |
| 18:32 | Build | Farm |
| 18:40 | Create | Villager (Male) |
| 18:42 | Build | Farm |
| 18:42 | Build | Farm |
| 18:43 | Build | Farm |
| 18:57 | Build | Farm |
| 18:57 | Build | Farm |
| 19:07 | Build | Town Center |
| 19:15 | Build | Farm |
| 19:23 | Create | Villager (Male) |
| 19:25 | Build | Farm |
| 19:43 | Create | Villager (Male) |
| 19:48 | Create | Villager (Male) |
| 19:50 | Create | Villager (Male) |
| 19:50 | Create | Villager (Male) |
| 20:21 | Build | Town Center |
| 20:23 | Create | Villager (Male) |
| 20:25 | Create | Villager (Male) |
| 20:25 | Create | Villager (Male) |
| 20:37 | Create | Villager (Male) |
| 20:47 | Research | Wheelbarrow |
| 20:53 | Build | Farm |
| 20:58 | Create | Villager (Male) |
| 21:16 | Build | Farm |
| 21:19 | Create | Villager (Male) |
| 21:20 | Create | Villager (Male) |
| 21:54 | Create | Villager (Male) |
| 21:54 | Create | Villager (Male) |
| 21:54 | Create | Villager (Male) |
| 22:13 | Build | Farm |
| 22:31 | Build | Farm |
| 22:33 | Build | Farm |
| 22:51 | Build | University |
| 22:57 | Build | Farm |
| 23:07 | Research | Loom |
| 23:13 | Create | Villager (Male) |
| 23:15 | Create | Villager (Male) |
| 23:17 | Create | Villager (Male) |
| 23:23 | Build | Farm |
| 23:28 | Create | Villager (Male) |
| 23:28 | Create | Villager (Male) |
| 23:38 | Research | Imperial Age |
| 23:47 | Research | Imperial Age |
| 23:47 | Research | Imperial Age |
| 23:50 | Create | Villager (Male) ×3 |
| 23:55 | Create | Monk |
| 23:56 | Create | Monk |
| 23:58 | Create | Spearman |
| 24:04 | Build | Barracks |
| 24:08 | Create | Villager (Male) |
| 24:08 | Create | Villager (Male) |
| 24:19 | Build | House |
| 24:20 | Build | House |
| 24:36 | Research | Hand Cart |
| 24:41 | Build | Lumber Camp |
| 24:44 | Build | House |
| 24:48 | Research | Town Watch |
| 24:48 | Research | Town Watch |
| 24:48 | Create | Villager (Male) |
| 24:49 | Create | Villager (Male) |
| 24:54 | Create | Monk |
| 24:54 | Create | Monk |
| 24:57 | Create | Spearman |
| 24:59 | Create | Spearman |
| 25:05 | Build | House |
Match timeline
| 9:24 | Kotzboy · first_building Barracks |
| 10:21 | Leto Apor · age_up feudal |
| 10:56 | Kotzboy · age_up feudal |
| 10:57 | Kotzboy · first_building Stable |
| 13:37 | Leto Apor · first_building Barracks |
| 14:12 | Leto Apor · age_up castle |
| 14:16 | Leto Apor · first_building Monastery |
| 14:26 | Kotzboy · age_up castle |
| 14:32 | Leto Apor · first_market_buy 100 food |
| 14:42 | Kotzboy · first_building Monastery |
| 25:50 | Kotzboy · first_building Archery Range |
| 26:58 | Leto Apor · age_up imperial |
| 27:03 | Kotzboy · first_building Castle |
| 28:20 | Leto Apor · first_market_sell 100 wood |
| 28:25 | Kotzboy · age_up imperial |
| 29:01 | Leto Apor · first_building Archery Range |
| 34:04 | Leto Apor · first_building Castle |
| 36:35 | Leto Apor · first_building Stable |
| 38:11 | Leto Apor · first_building Siege Workshop |
| 38:28 | Kotzboy · first_market_buy 100 stone |
| 45:53 | Kotzboy · first_market_sell 100 food |
| 58:45 | Leto Apor · wall_segment Palisade Wall x1 |
| 64:10 | Leto Apor · resign |
[ AI ANALYSIS · 1 CREDIT ]
What really happened in this match?
Wolo.gg analyzes every decision: build order, eco, micro, common mistakes by bracket. Personalized analysis on WhatsApp or Discord in 30 seconds.
Civ guide
Huns
Perfil
Kotzboy